 Dungeon Crawl Stone Soup version 0.28.0-53-g5a82cb258f (webtiles) character file.

Game seed: 1389477905115898226

154 Zeld the Ogre Mage (level 5, -4/45 HPs)
             Began as an Ogre Fire Elementalist on June 6, 2022.
             Killed from afar by Ijyb (9 damage)
             ... with a puff of flame
             ... on level 3 of the Dungeon.
             The game lasted 00:02:19 (3489 turns).

Zeld the Ogre Mage (Ogre Fire Elementalist)         Turns: 3489, Time: 00:02:20

Health: -4/45      AC:  3    Str: 12    XL:     5   Next: 36%
Magic:  1/11       EV:  9    Int: 18    God:
Gold:   51         SH:  0    Dex:  9    Spells: 2/12 levels left

rFire   . . .      SeeInvis .   (no weapon)
rCold   . . .      Faith    .   (no shield)
rNeg    . . .      Spirit   .   a - +0 robe
rPois   .          Reflect  .   (helmet restricted)
rElec   .          Harm     .   (no cloak)
rCorr   .          Rampage  .   (gloves unavailable)
Will    .....                   (boots unavailable)
Stlth   +.........              (no amulet)
HPRegen 0.15/turn               (no ring)
MPRegen 0.12/turn               (no ring)

@: very slightly contaminated
A: large, unfitting armour, tough skin 1
a: no special abilities


You were on level 3 of the Dungeon.
You visited 1 branch of the dungeon, and saw 3 of its levels.

You collected 51 gold pieces.

Inventory:

Armour
 a - a +0 robe (worn)
Scrolls
 b - 5 scrolls of identify {unknown}
 c - a scroll of amnesia {unknown}
 d - a scroll of enchant armour {unknown}
 e - a scroll of teleportation {unknown}
Potions
 f - 2 potions of berserk rage {unknown}
 g - a potion of curing {unknown}


   Skills:
 - Level 1.7 Dodging
 - Level 1.4 Stealth
 * Level 4.2 Spellcasting
 + Level 2.1 Conjurations
 * Level 3.9 Fire Magic


You had 2 spell levels left.
You knew the following spells:

 Your Spells              Type           Power      Damage    Failure   Level
a - Foxfire               Conj/Fire      56%        2x1d6     4%          1
b - Scorch                Fire           36%        2d6       4%          2
c - Inner Flame           Hex/Fire       10%        N/A       19%         3
d - Flame Wave            Conj/Fire      14%        2d6       38%         4

Your spell library contained the following spells:

 Spells                   Type           Power      Damage    Failure   Level
 Conjure Flame            Conj/Fire      14%        6-21      12%         3
 Olgreb's Toxic Radiance  Pois           3%         N/A       82%         4
 Ozocubu's Refrigeration  Ice            1%         4d5       100%        7
 Ignition                 Fire           9%         3d5       100%        8


Dungeon Overview and Level Annotations

Branches:
Dungeon (3/15)

Altars:
Vehumet

Shops:
D:1 =

Annotations:
D:3 Ijyb


Innate Abilities, Weirdness & Mutations

You are too large for most types of armour.
You have tough skin. (AC +1)


Message History

Flames lash the adder.
The adder is moderately wounded.
The adder's fire resistance burns away.
Ijyb zaps a wand.
The puff of flame hits you! The adder closely misses you.
Unknown command.
Casting: Scorch (safe; 4% risk of failure)
Confirm with . or Enter, or press ? or * to list all spells.
You don't have enough magic to cast this spell.
Unknown command.
Casting: Scorch (safe; 4% risk of failure)
Confirm with . or Enter, or press ? or * to list all spells.
You don't have enough magic to cast this spell.
Unknown command.
Casting: Scorch (safe; 4% risk of failure)
Confirm with . or Enter, or press ? or * to list all spells.
You don't have enough magic to cast this spell.
Ijyb zaps a wand.
The puff of flame hits you! The adder bites you.
You are poisoned.
The adder poisons you!
You feel sick.
The adder is no longer more vulnerable to fire.
Ijyb zaps a wand.
The puff of flame misses you.
You feel sick.
You feel sick.
Ijyb zaps a wand.
The puff of flame hits you!
* * * LOW HITPOINT WARNING * * *
You feel sick. The adder bites you but does no damage.
Casting: Scorch (safe; 4% risk of failure)
Confirm with . or Enter, or press ? or * to list all spells.
You miscast Scorch.
You are very lightly contaminated with residual magic.
Nothing appears to happen.
You feel sick.
You are no longer poisoned.
The adder bites you.
* * * LOW HITPOINT WARNING * * *
Unknown command.
The adder bites you.
* * * LOW HITPOINT WARNING * * *
Ijyb zaps a wand.
The puff of flame hits you!
You die...

#.#.#.##.# #.##..# ......# .#
.... ..# #.##..# ......##.#
.......# ..#.##..##
......##.#.......... .>.......#
........#.. ..... #.#......#
#w..#..#.# #.#. ##.#.##.#.#
###...#..#.####..#####....##.#.##
......#.................#........
###......#.# #.S@#.#.#..####.#.##
##.....#.###...........###.#.#
##'##.....g.#...#..(#..†..#.#
#...#.#.##....#...#....#....#
#...#.#.##.#.........#.#......
....#.#..#...#.._..#...#..####
....##.####.#.........#.#..#
##.#.##.. #....#...#....##.# #.#.
### #..#...#...#..##.#


You could see Ijyb (combustible) and an adder.

Vanquished Creatures
  An orc wizard (D:3)
  3 gnolls
  4 adders (D:3)
  2 worms
  3 dart slugs
  2 orcs (D:3)
  5 endoplasms
  3 giant cockroaches (D:1)
  3 goblins (D:2)
  2 hobgoblins
  4 kobolds
  4 quokkas
  4 ball pythons
  7 bats
  4 frilled lizards
  4 rats
55 creatures vanquished.

Vanquished Creatures (others)
  36 foxfires
36 creatures vanquished.

Grand Total: 91 creatures vanquished

Notes
Turn   | Place    | Note
-------+----------+-------------------------------------------
     0 | D:1      | Zeld the Ogre Fire Elementalist began the quest for the
                  | Orb.
     0 | D:1      | Reached XP level 1. HP: 16/16 MP: 3/3
   223 | D:1      | Reached skill level 1 in Conjurations
   334 | D:1      | Found Hizxeiph's Jewellery Shoppe.
   372 | D:1      | Reached XP level 2. HP: 18/24 MP: 1/5
   375 | D:1      | Learned a level 2 spell: Scorch
   784 | D:1      | Reached skill level 3 in Spellcasting
  1113 | D:1      | Found a faded altar of an unknown god.
  1134 | D:1      | Reached XP level 3. HP: 31/31 MP: 4/7
  1138 | D:1      | Learned a level 3 spell: Inner Flame
  2520 | D:3      | Reached XP level 4. HP: 38/39 MP: 3/9
  2538 | D:3      | Learned a level 4 spell: Flame Wave
  2879 | D:3      | Reached skill level 4 in Spellcasting
  3247 | D:3      | Reached XP level 5. HP: 45/45 MP: 6/11
  3346 | D:3      | Found a radiant altar of Vehumet.
  3470 | D:3      | Noticed Ijyb
  3489 | D:3      | Killed from afar by Ijyb

Illustrated notes

Levels and vault maps discovered:
D:1:      dpeg_arrival_more_subterranean_lakeside_camping, layout_loops_ring,
          hellmonk_ecumenical_altar_leap_of_faith, serial_shops, shop_statue,
          minmay_worlds_worst_comb
D:2:      layout_basic
D:3:      layout_basic, nicolae_vehumet_radiance, uniq_ijyb

Skill      XL: |  1  2  3  4 |
---------------+-------------+-----
Conjurations   | 1 2 |  2.1
Fire Magic     | 3 |  3.9
Spellcasting   | 3 4 |  4.2
Dodging        | |  1.7
Stealth        | |  1.4

Action                   |  1- 3 |  4- 6 || total
-------------------------+-------+-------++-------
Melee: Unarmed           |    65 |    10 ||    75
 Cast: Foxfire           |    25 |     3 ||    28
       Scorch            |    39 |    27 ||    66
Armor: Robe              |    35 |     5 ||    40
Dodge: Dodged            |    47 |    16 ||    63
